[Event "*** Titled Tuesday Blitz"]
[Site "Chess.com"]
[Date "2018.06.05"]
[Round "4"]
[White "NDePinEsPeRG"]
[Black "sergeikim"]
[Result "0-1"]
[WhiteElo "2616"]
[BlackElo "2390"]
[TimeControl "180+2"]
[EndTime "14:00:53 PDT"]
[Termination "sergeikim won by resignation"]

1. e4 e5 2. Nf3 Nc6 3. Bc4 Bc5 4. c3 Nf6 5. d3 d6 6. Nbd2 a6 7. Bb3 Ba7 8. Nf1 O-O 9. Bg5 Be6 10. Ne3 h6 11. Bh4 Bxe3 12. fxe3 Qe7 13. O-O Bxb3 14. Qxb3 Nd8 15. Nd2 g5 16. Bg3 Ne6 17. h3 Nc5 18. Qc2 a5 19. Rf2 Nh5 20. Bh2 Ng7 21. Raf1 f6 22.
b3 Rf7 23. a3 Raf8 24. Nc4 b6 25. b4 axb4 26. cxb4 Nd7 27. a4 f5 28. exf5 Rxf5 29.
a5 bxa5 30. bxa5 Rxf2 31. Rxf2 Rxf2 32. Qxf2 d5 33. Nd2 Qa3 34. Nf3 Qxa5 35. Nxe5 Qa1+ 36. Qf1 Qxf1+ 37. Kxf1 Nxe5 38. Bxe5 Ne6 39. Ke2 Kf7 40. g4 Ke7 41. Kd2 c5 42. Kc3 Kd7 43. Kd2 Ke7 44. Ke2 Kd7 45. Kf3 Ke7 46. e4 d4 47. Ke2 Kd7 48. Kd2 Kc6 49. Bg3 Kd7 50.
h4 Kc6 51. h5 Kd7 52. Be5 Ke7 53. Kc2 Kd7 54. Kb3 Nf4 55. Bxf4 gxf4 56. Kc2 f3 57.
Kd2 c4 58. dxc4 Kd6 59. Kd3 Ke5 60. c5 Kf4 61. c6 f2 62. Ke2 Kg3 63. c7 d3+ 64.
Ke3 f1=Q 65. c8=Q Qe2+ 66. Kd4 d2 67. Qc3+ Kg2 68. Ke5 d1=Q 69. g5 hxg5 70. h6 Qd7 71. Kf6 Qd6+ 72. Kg7 Qe7+ 73. Kg8 Qe8+ 74. Kg7 Q8xe4 75.
h7 Qe5+ 76. Qxe5 Qxe5+ 0-1

[Event "*** Titled Tuesday Blitz"]
[Site "Chess.com"]
[Date "2018.06.05"]
[Round "4"]
[White "HarutyunianTigranK"]
[Black "nubair1198"]
[Result "1/2-1/2"]
[WhiteElo "2725"]
[BlackElo "2543"]
[TimeControl "180+2"]
[EndTime "14:00:54 PDT"]
[Termination "Game drawn - insufficient material"]

1. c4 g6 2. Nc3 Bg7 3. Nf3 Nf6 4. g3 O-O 5. Bg2 c6 6. d3 d5 7.
cxd5 cxd5 8. O-O Nc6 9. Qa4 Bd7 10. Qh4 Qa5 11. a3 Rfd8 12. Bh6 Bh8 13. Bd2 Qb6 14. b4 Be8 15. b5 Na5 16. Rfb1 Qc7 17. Qb4 b6 18. Rc1 Rac8 19. Rab1 Qd7 20. Qh4 Bg7 21. Bh3 e6 22. Bg5 Qe7 23. e4 dxe4 24. Nxe4 Rxc1+ 25. Rxc1 Qxa3 26. Rc7 Nd5 27. Bxd8 Nxc7 28. Nf6+ Bxf6 29. Bxf6 Nd5 30. Be5 Bxb5 31. Ng5 h5 32. Nxe6 Qe7 33. Qe4 Bc6 34. Nd4 Bb7 35. Qe2 Nc6 36.
Nxc6 Bxc6 37. d4 Nc3 38. Qc2 Qb4 39. d5 Nxd5 40. Qxc6 Qe1+ 41. Bf1 Qxe5 42. Qa8+ Kg7 43. Qxa7 Qe6 44. Qb7 Nf6 45. h3 Nd7 46. Kh2 Ne5 47.
Qc7 h4 48. g4 Qf6 49. Kg1 Qf4 50. Qxb6 Nf3+ 51. Kg2 Ne1+ 52. Kg1 g5 53. Bg2 Nd3 54.
Qe3 Qxe3 55. fxe3 Kf6 56. Kf1 Ke5 57. Ke2 Nc5 58. Bf3 Nb3 59. Kd3 Nc5+ 60. Kc4 Ne4 61.
Bg2 f6 62. Kd3 Nf2+ 63. Ke2 Ne4 64. Kd3 Nd6 65. Ke2 f5 66. gxf5 Nxf5 67. Kf3 Ng3 68. Kg4 Nf5 69. Kxg5 Nxe3 70. Bf3 Ke6 71. Kxh4 Kf6 72.
Kg3 Kg5 73. h4+ Kh6 74. Kf4 Nc4 75. Bd5 Nd6 76. Be6 Ne8 77. Kf5 Ng7+ 78. Kf6 Nxe6 79. Kxe6 Kh5 80. Kf6 Kxh4 1/2-1/2

[Event "*** Titled Tuesday Blitz"]
[Site "Chess.com"]
[Date "2018.06.05"]
[Round "4"]
[White "Ind1anStar"]
[Black "michaelk123"]
[Result "0-1"]
[WhiteElo "2388"]
[BlackElo "2442"]
[TimeControl "180+2"]
[EndTime "14:00:55 PDT"]
[Termination "michaelk123 won by resignation"]

1. d4 Nf6 2. Nf3 g6 3. Bf4 Bg7 4. e3 O-O 5. h3 d6 6. Be2 b6 7.
O-O Bb7 8. a4 a6 9. c3 Nbd7 10.
Nbd2 c5 11. Qb3 Ne4 12. Nxe4 Bxe4 13. Nd2 Bb7 14. Bh2 Qc7 15. Rfe1 Nf6 16. Nc4 Nd7 17. Bg4 Bd5 18. e4 Bxc4 19. Qxc4 Rfc8 20. e5 cxd4 21. Qxc7 Rxc7 22. exd6 exd6 23. Bxd6 Rca7 24. cxd4 Bxd4 25. Rad1 Bc5 26. Bf3 Rc8 27. Rc1 a5 28.
Bg4 Rc6 29. Bg3 h5 30. Re8+ Kg7 31. Bf3 Re6 32. Rd8 Ne5 33. Bd5 Ree7 34. Kh2 Nd3 35. Rc2 Rad7 36. Rxd7 Rxd7 37. Bf3 Ne1 38. Re2 Nxf3+ 39.
gxf3 Bd4 40. Rd2 f6 41. Kg2 Kf7 42. Rc2 Ke6 43. Rc6+ Kf5 44. Rc2 Bc5 45. b3 g5 46.
h4 gxh4 47. Bxh4 Rg7+ 48. Kf1 Re7 49. Bg3 Rh7 50. Rc4 Rd7 51. Rf4+ Kg6 52. Bh4 Bd4 53. Re4 Bc5 54. Re6 Bd4 55. Kg2 Kf5 56. Rc6 Rf7 57.
Rc8 Rg7+ 58. Kf1 Ke6 59. Rc4 Bc5 60. Re4+ Kf5 61. Bg3 Rd7 62. Rf4+ Kg5 63. Re4 Rd3 64. Bh4+ Kf5 65. Bg3 Rxf3 66. Re8 Rxb3 67. Rh8 Kg6 68. Rg8+ Kf7 69. Rh8 Rb4 70. Rxh5 Rxa4 71. Rh7+ Kg6 72. Rh8 Ra2 73. Kg2 a4 74. Rg8+ Kf7 75. Rb8 a3 76. Rb7+ Kg6 77. Bh4 Rb2 78. Ra7 a2 79. Ra6 Bd4 80. Bg3 Rc2 81. Kf3 a1=Q 82. Rxa1 Bxa1 0-1

[Event "*** Titled Tuesday Blitz"]
[Site "Chess.com"]
[Date "2018.06.05"]
[Round "4"]
[White "VerdeNotte"]
[Black "tigra"]
[Result "1/2-1/2"]
[WhiteElo "2636"]
[BlackElo "2718"]
[TimeControl "180+2"]
[EndTime "14:00:56 PDT"]
[Termination "Game drawn by agreement"]

1. e4 e6 2. d4 d5 3. Nd2 c5 4. exd5 exd5 5. Ngf3 Nf6 6. Bb5+ Bd7 7. Bxd7+ Nbxd7 8.
O-O Be7 9. dxc5 Nxc5 10. Nb3 Nce4 11. h3 O-O 12. Be3 a5 13. a4 Re8 14. Qd3 Qc7 15.
Nfd4 Rec8 16. Nf5 Bf8 17. Nbd4 h5 18. c3 g6 19. Nb5 Qc4 20. Qxc4 dxc4 21. Nfd4 Nd5 22.
Nc2 Nxe3 23. Nxe3 Bc5 24. Nd4 Bxd4 25. cxd4 Kg7 26. Rfc1 c3 27. bxc3 Nxc3 28. Kf1 Rc6 29. d5 Rc5 30. Nd1 Nxa4 31. Rxc5 Nxc5 32. Nc3 Kf6 33.
Ke2 Ke5 34. Ke3 g5 35. Rd1 Kd6 36. Kd4 Rc8 37. Rb1 a4 38. Rb6+ Kd7 39. Nxa4 Nxa4 40.
Rxb7+ Ke8 41. Ke5 Nc5 42. Ra7 Rd8 43. Kf6 Ne4+ 44. Kf5 Nxf2 45. Kxg5 Rxd5+ 46. Kh6 Ne4 47. h4 Nf6 48. Kg7 Nd7 49. Ra2 Ke7 50. Ra4 Rf5 51. g4 hxg4 52. Rxg4 Nf6 53. Ra4 Rf4 54.
Ra7+ Nd7 55. h5 Rg4+ 56. Kh7 f5 57. h6 f4 58. Kh8 Ke6 59. h7 Rh4 60. Kg7 Rg4+ 61.
Kh8 Rh4 62. Kg7 Ne5 63. h8=Q Rg4+ 64. Kh7 Rh4+ 65. Kg7 Rxh8 66. Kxh8 f3 67. Ra2 Ng4 68. Kg7 Kf5 69. Ra5+ Ne5 70. Ra2 Nd3 71. Kh6 Kg4 72. Kg7 Kf4 73. Kg6 Ke3 74. Kg5 Nb4 75. Ra3+ Nd3 76.
Ra2 Nb4 77. Ra3+ Nd3 1/2-1/2

[Event "*** Titled Tuesday Blitz"]
[Site "Chess.com"]
[Date "2018.06.05"]
[Round "4"]
[White "francogreek"]
[Black "lionheart95"]
[Result "0-1"]
[WhiteElo "2278"]
[BlackElo "2389"]
[TimeControl "180+2"]
[EndTime "14:01:08 PDT"]
[Termination "lionheart95 won by resignation"]

1. Nf3 d5 2. g3 Nf6 3. Bg2 Bg4 4.
h3 Bxf3 5. Bxf3 c6 6. O-O Nbd7 7.
d3 e5 8. e4 dxe4 9. dxe4 Bc5 10. Qe2 O-O 11. Bg2 a5 12. a4 Qc7 13. Nd2 Rfe8 14. Rd1 Nf8 15. c3 Rad8 16. Nc4 Rxd1+ 17. Qxd1 Rd8 18. Qe2 Ne6 19. Ne3 Qd7 20. h4 b6 21.
Qc4 h6 22. Bf3 Qd3 23. Qxd3 Rxd3 24. Kf1 Rd8 25. Ke2 Ne8 26. Nf5 f6 27. h5 N8c7 28.
Bd2 Kf7 29. b4 Bf8 30. bxa5 bxa5 31. Rb1 Nc5 32. Rb6 Nxa4 33. Rxc6 Nb5 34. Ke1 Nbxc3 35.
Be2 Nxe2 36. Kxe2 Rd7 37. Bxa5 Nc5 38. f3 Nb3 39. Bc3 Nc1+ 40. Kf2 Nd3+ 41. Ke3 Nc5 42. Bb4 Ne6 43. Bxf8 Nxf8 44. Nd6+ Ke7 45. Nf5+ Kf7 46. g4 Ne6 47. Ra6 Nf4 48. Ra8 Rd3+ 49. Kf2 Rd2+ 50.
Ke1 Rd7 51. Ra3 Nd3+ 52. Kd2 Nf4+ 53. Kc2 Rc7+ 54. Kb2 Rd7 55. Ra6 Nd3+ 56. Kc3 Ne1 57. Nh4 Nd3 58. Kc4 Nf4 59. Kb5 Ne6 60. Nf5 Nd4+ 61.
Nxd4 exd4 62. Ra2 g5 63. Kc4 Ke6 64. Kd3 Ke5 65. Ra5+ Ke6 66. Rf5 Rd8 67. Rb5 Rd7 68. Ra5 Rd8 69. Ra6+ Ke5 70. Ra5+ Ke6 71. Rb5 Rd7 72.
Ra5 Rd8 73. Ra7 Ke5 74. Rh7 Ra8 75. Rxh6 Ra3+ 76. Kd2 Ra2+ 77. Kc1 Kf4 78. Rxf6+ Ke3 79. h6 d3 80. Rd6 d2+ 81. Kb1 Ra6 82. Rd7 Rxh6 83. e5 Rc6 84. Kb2 Ke2 85. e6 Rxe6 86. Rd5 d1=Q 87. Rxd1 0-1

[Event "*** Titled Tuesday Blitz"]
[Site "Chess.com"]
[Date "2018.06.05"]
[Round "4"]
[White "julinha97"]
[Black "Hollywood_Chess"]
[Result "1/2-1/2"]
[WhiteElo "2204"]
[BlackElo "2224"]
[TimeControl "180+2"]
[EndTime "14:01:40 PDT"]
[Termination "Game drawn by agreement"]

1. e4 d6 2. d4 Nf6 3. Nc3 g6 4. f4 Bg7 5. Nf3 c5 6. Bb5+ Bd7 7. e5 Ng4 8. e6 Bxb5 9. exf7+ Kf8 10. Nxb5 Qa5+ 11.
Nc3 cxd4 12. Nxd4 Nc6 13. Ne6+ Kxf7 14. Nxg7 Nf6 15. Ne6 Kxe6 16. O-O Kf7 17. Kh1 h5 18. a3 Qc5 19. Qd3 Ng4 20. Ne4 Qd4 21. h3 Qxd3 22.
cxd3 Nf6 23. Be3 Nxe4 24. dxe4 Rac8 25. f5 gxf5 26. Rxf5+ Ke6 27. Raf1 b6 28. b4 Ne5 29. Bd4 Rc4 30. Rd1 Rh7 31. Rg5 Nc6 32. Bf2 Rxe4 33. Rdd5 Ne5 34. Rd4 Rxd4 35. Bxd4 Kd5 36. Bxe5 dxe5 37.
Kg1 Kd4 38. Kf2 e4 39. Ke2 e6 40. Rg6 Rc7 41. Rxe6 Rc2+ 42. Kf1 Ke3 43. g4 hxg4 44. hxg4 Kf3 45. Ke1 Ra2 46. g5 Ra1+ 47. Kd2 e3+ 48.
Kd3 Rxa3+ 49. Kc2 e2 50. g6 Kf2 51. Rf6+ Rf3 52. Rxf3+ Kxf3 53. g7 e1=Q 54. g8=Q Qxb4 55. Qf7+ Ke4 56. Qxa7 Kd5 57. Qd7+ Kc4 58. Qg4+ Kb5 59. Qf5+ Ka4 60. Qd7+ Ka5 61. Qa7+ Kb5 62. Qd7+ Kc4 63.
Qe6+ Kd4 64. Qf6+ Kd5 65. Qf5+ Kc6 66. Qe6+ Kb7 67. Qd7+ Ka6 68. Qc8+ Ka5 69. Qa8+ Kb5 70. Qe8+ Kc4 71. Qe4+ Kc5 72. Qe5+ Kc6 73. Qe6+ Qd6 74. Qc8+ Kd5 75. Qg8+ Kd4 76. Qg4+ Kc5 77. Qf5+ Qd5 78. Qf8+ Kc4 79. Qf1+ Kb4 80. Qe1+ Kb5 81. Qb1+ Kc6 82. Qe1 Qc4+ 83. Kb2 b5 84. Qe8+ Kb6 85. Qd8+ Kc5 86. Qc7+ Kb4 87. Qd6+ Qc5 88. Qd2+ Ka4 89. Qd1+ Ka5 90.
Qd8+ Qb6 91. Qd2+ b4 92. Qd5+ Ka4 93. Qb3+ Kb5 94. Qd5+ Ka6 95. Qa8+ Kb5 96. Qd5+ 1/2-1/2

[Event "*** Titled Tuesday Blitz"]
[Site "Chess.com"]
[Date "2018.06.05"]
[Round "4"]
[White "dlp300"]
[Black "Zufi1811"]
[Result "0-1"]
[WhiteElo "2391"]
[BlackElo "2464"]
[TimeControl "180+2"]
[EndTime "14:01:53 PDT"]
[Termination "Zufi1811 won by resignation"]

1. d4 Nf6 2. c4 g6 3. Nc3 Bg7 4. e4 d6 5. Nf3 O-O 6. Be2 Nbd7 7. O-O e5 8. Re1 Re8 9. d5 Nh5 10. Be3 Bf8 11. b4 Ng7 12. Nd2 f5 13. f3 Be7 14.
Nb3 Bh4 15. Rf1 f4 16. Bf2 Bxf2+ 17. Rxf2 Nh5 18. c5 Ndf6 19. Rc1 a6 20. a4 Re7 21.
a5 Rg7 22. cxd6 cxd6 23. Na4 g5 24. Nb6 Rb8 25. Qc2 Bd7 26. Qc7 Be8 27. Qxd8 Rxd8 28. h3 Ng3 29. Bd1 Bb5 30. Rfc2 h5 31. Rc8 Rxc8 32.
Rxc8+ Kh7 33. Kf2 g4 34. hxg4 hxg4 35. Nc4 gxf3 36. gxf3 Nh1+ 37. Kf1 Nh5 38. Nd2 N1g3+ 39. Ke1 Rg6 40. Rd8 Nh1 41. Be2 Rg1+ 42. Nf1 N5g3 43.
Rxd6 Nxf1 44. Nxe5 Nfg3+ 45. Kd2 Nxe2 46. Rb6 Nd4 47. Rxb7+ Kh6 48. d6 Nf2 49. d7 Rd1+ 50. Kc3 Ne2+ 51. Kc2 Ba4+ 52. Kb2 Rd2+ 53. Ka3 Nc3 54. b5 Bxb5 55. d8=Q Rxd8 56. Nf7+ Kh5 57.
Nxd8 Kh4 58. e5 Nd3 59. e6 Nc5 60. Rh7+ Kg3 61. e7 Nd5 62. Rg7+ Kxf3 63. Rf7 Be8 64.
Rf8 Nc7 65. Kb4 Nd7 66. Rf5 Ke4 67. Rg5 Nd5+ 68. Kb3 Nxe7 69. Rg7 Ne5 70. Ne6 Bf7 71. Kb4 Bxe6 72. Rxe7 Bc4 73. Kc5 Kf5 74. Kd4 Nc6+ 75.
Kxc4 Nxe7 0-1

[Event "*** Titled Tuesday Blitz"]
[Site "Chess.com"]
[Date "2018.06.05"]
[Round "4"]
[White "1stSecond"]
[Black "Sanan_Sjugirov"]
[Result "1/2-1/2"]
[WhiteElo "2602"]
[BlackElo "2706"]
[TimeControl "180+2"]
[EndTime "14:02:18 PDT"]
[Termination "Game drawn by repetition"]

1. c4 e5 2. Nc3 d6 3. g3 f5 4. Bg2 Nf6 5. d3 Be7 6. Nf3 O-O 7. O-O c6 8. Rb1 a5 9. a3 Kh8 10. b4 axb4 11. axb4 Na6 12. b5 Nc5 13. bxc6 bxc6 14. d4 Nce4 15. Nxe4 Nxe4 16. Bb2 exd4 17. Nxd4 Qc7 18.
Qc2 Bf6 19. Nxf5 Bxf5 20. Bxe4 Bxe4 21. Qxe4 Rae8 22. Qd3 Bxb2 23. Rxb2 Rf6 24. Rfb1 Ref8 25. Qd4 c5 26. Qe3 Qf7 27. Rb8 Qxc4 28. Rxf8+ Rxf8 29. Qe7 Kg8 30. Qxd6 Qxe2 31. Qd5+ Kh8 32. Qxc5 Kg8 33.
h4 h6 34. Qd4 Rf7 35. Rb3 Kh7 36. Kg2 Qc2 37. Rb6 Qf5 38. Rb3 Qc2 39. Ra3 Qc6+ 40. Kh2 Qc2 41. Kg2 Qc6+ 42. f3 Qc2+ 43. Qf2 Qb1 44. Re3 Rc7 45. Re1 Qf5 46. Re2 Rc3 47.
Rd2 Qf6 48. Qe2 Qf5 49. Rb2 Qg6 50. Ra2 Qf5 51. Rd2 Qg6 52. Kf2 Qb6+ 53. Kg2 Re3 54. Qf2 Qe6 55. Qf1 Rc3 56. Qb1+ Qg6 57. Qxg6+ Kxg6 58. Rd6+ Kf7 59. g4 Rc2+ 60. Kg3 Rc1 61. Rd4 Kf6 62. h5 Ke5 63. Ra4 Rg1+ 64. Kf2 Rb1 65.
Ra6 Kf4 66. Ra4+ Ke5 67. Ra7 Kf6 68. Kg3 Rb4 69. Ra8 Kf7 70. Ra5 Kf6 71. Rf5+ Ke6 72. Rf8 Ke7 73. Rf4 Rb1 74. Kf2 Rb2+ 75. Ke3 Rb3+ 76.
Ke4 Ke6 77. Rf8 Rb4+ 78. Ke3 Rb3+ 79. Kf4 Rb4+ 80. Kg3 Ke7 81. Ra8 Kf6 82. Ra7 Rb1 83. Ra6+ Kf7 84. Rd6 Rb4 85. Kf2 Rb2+ 86. Ke3 Rb3+ 87.
Ke4 Rb4+ 88. Ke5 Rb5+ 89. Rd5 Rb7 90. Kf5 Ra7 91. f4 Rb7 92. g5 hxg5 93. fxg5 g6+ 94. hxg6+ Kg7 95. Re5 Ra7 96. Re6 Ra5+ 97. Kg4 Ra1 98.
Re7+ Kxg6 99. Re6+ Kg7 100. Re7+ Kg6 101. Re6+ Kg7 102. Re7+ Kg6 103. Re6+ Kg7 1/2-1/2

[Event "*** Titled Tuesday Blitz"]
[Site "Chess.com"]
[Date "2018.06.05"]
[Round "4"]
[White "Galileo22"]
[Black "chessking2151"]
[Result "1/2-1/2"]
[WhiteElo "2333"]
[BlackElo "2419"]
[TimeControl "180+2"]
[EndTime "14:04:46 PDT"]
[Termination "Game drawn by repetition"]

1. Nf3 d5 2. g3 Nf6 3. Bg2 c5 4. O-O a6 5. d3 Nc6 6. Nbd2 e5 7. e4 d4 8. Nc4 Nd7 9. a4 Qc7 10. a5 Be7 11. Nh4 Bxh4 12. gxh4 b5 13. axb6 Nxb6 14. Nxb6 Qxb6 15. b3 Be6 16. f4 exf4 17.
Bxf4 O-O 18. Qf3 Nb4 19. Rf2 Ra7 20. Qg3 f6 21. Bf3 Kh8 22. Raf1 Raf7 23. h5 Rg8 24. Kh1 Re8 25. Qh4 Qd8 26. Rg1 Rg8 27. Rfg2 Nc6 28.
Qg3 Qd7 29. h4 Ne5 30. Bd1 Nc6 31.
Kh2 Rd8 32. h6 g6 33. Re1 Rdf8 34. Bd6 Rc8 35. Bxc5 Ne5 36. Ba3 Qc7 37. Reg1 Bg4 38. Kh1 Bxd1 39. Rxd1 Qd7 40. Bc1 Kg8 41. Bf4 Nc6 42.
Rdg1 Kh8 43. h5 Rg8 44. hxg6 Rxg6 45. Qh4 Rxg2 46. Rxg2 Ne7 47. Qh5 Ng6 48. Bg3 Qe6 49. Kh2 Rf8 50. Rf2 Rf7 51. Qf5 Qc6 52. Qd5 Qxd5 53.
exd5 Kg8 54. d6 Nf8 55. Rf5 Nd7 56. Rd5 f5 57. Rxd4 Rf6 58. Kg2 Rxh6 59. Kf3 Rf6 60.
Rc4 Kf7 61. Rc7 Ke6 62. d4 f4 63. Bxf4 Nb6 64. Re7+ Kd5 65. Re5+ Kc6 66. Ke4 Nd7 67. Rf5 Re6+ 68. Kd3 Re1 69. Kc4 Nb6+ 70. Kd3 Nd7 71. Bd2 Rh1 72. Rf3 h5 73. c4 Kxd6 74.
Bf4+ Kc6 75. Re3 Rd1+ 76. Kc2 Rxd4 77. Re6+ Kb7 78. Be3 Rg4 79. Re7 Kc6 80. Re6+ Kc7 81. Rxa6 Ne5 82. Rh6 h4 83. Rh7+ Kc8 84. Kc3 Rg3 85. Kd2 Rg4 86. Ke2 Nxc4 87. bxc4 Rxc4 88. Kf3 Kd8 89. Bf4 h3 90. Be3 Ke8 91. Rxh3 Ke7 92. Rh6 Ra4 93. Ke2 Re4 94. Kd3 Rg4 95. Bd4 Kd7 96.
Kc4 Rf4 97. Kd5 Rf5+ 98. Be5 Rf7 99. Ra6 Re7 100. Ra7+ Ke8 101. Ra6 Kd7 102. Rb6 Rf7 103. Rb7+ Ke8 104. Rb4 Kd7 105. Rc4 Re7 106. Bf6 Rf7 107. Be5 Re7 108. Ra4 Rf7 109. Ra6 Re7 110. Bf6 Rf7 111. Ke5 Ke8 112. Ke6 Re7+ 113. Kf5 Rf7 114. Kg6 Rc7 115. Rd6 Rc8 116. Kf5 Kf7 117. Rd7+ Ke8 118. Rh7 Rc6 119. Be5 Kf8 120. Ke4 Rc1 121. Kf5 Rc6 122. Bf6 Ke8 123. Re7+ Kf8 124. Ra7 Ke8 125. Be5 Kd8 126. Ke4 Rc1 127. Kd5 Ke8 128. Ke6 Rc6+ 129. Bd6 Kd8 130. Ra8+ Rc8 131. Ra7 Rc6 132. Rh7 Kc8 133. Kd5 Rc1 134. Bc5 Kd8 135. Kc6 Re1 136. Rh8+ Re8 137. Rh7 Re1 138. Rd7+ Ke8 139. Rh7 Kd8 1/2-1/2

[Event "*** Titled Tuesday Blitz"]
[Site "Chess.com"]
[Date "2018.06.05"]
[Round "5"]
[White "lucasmito"]
[Black "Gr3egor"]
[Result "0-1"]
[WhiteElo "2303"]
[BlackElo "2355"]
[TimeControl "180+2"]
[EndTime "14:08:13 PDT"]
[Termination "Gr3egor won by resignation"]

1. e4 e6 2. d4 d5 3. Nc3 Bb4 4. e5 Ne7 5. a3 Bxc3+ 6. bxc3 c5 7. Qg4 Qc7 8. Qxg7 Rg8 9. Qxh7 cxd4 10. Ne2 Nbc6 11.
f4 dxc3 12. h4 Bd7 13. h5 O-O-O 14. Qd3 a6 15. Rb1 Nf5 16. g3 Na5 17. Bh3 Bb5 18.
Qf3 Bxe2 19. Qxe2 Nxg3 20. Qg2 Nxh1 21. Qxh1 Qc4 22. Qf3 Nc6 23. h6 Nd4 24. Qf2 Rg1+ 25. Bf1 Nxc2+ 0-1

[Event "*** Titled Tuesday Blitz"]
[Site "Chess.com"]
[Date "2018.06.05"]
[Round "5"]
[White "Last7Samurai"]
[Black "MartinZumsande"]
[Result "1-0"]
[WhiteElo "2698"]
[BlackElo "2522"]
[TimeControl "180+2"]
[EndTime "14:08:24 PDT"]
[Termination "Last7Samurai won by resignation"]

1. e4 e6 2. d4 d5 3. Nd2 Be7 4. Bd3 Nf6 5. e5 Nfd7 6. Ne2 c5 7. c3 b6 8. O-O Ba6 9. Bxa6 Nxa6 10. Nf4 g6 11. Re1 Nc7 12. c4 dxc4 13. Nxc4 O-O 14. d5 exd5 15. Nxd5 Nxd5 16. Qxd5 Qc7 17. Bh6 Rfe8 18.
e6 fxe6 19. Qxe6+ Kh8 20. Qf7 1-0

[Event "*** Titled Tuesday Blitz"]
[Site "Chess.com"]
[Date "2018.06.05"]
[Round "5"]
[White "dmosesov"]
[Black "MateusViageiro"]
[Result "1-0"]
[WhiteElo "2200"]
[BlackElo "2166"]
[TimeControl "180+2"]
[EndTime "14:08:26 PDT"]
[Termination "dmosesov won by checkmate"]

1. e4 c5 2. d4 cxd4 3. c3 dxc3 4. Nxc3 Nc6 5. Nf3 d6 6. Bc4 g6 7. e5 e6 8. exd6 Bxd6 9. O-O Be7 10. Qe2 a6 11.
Rd1 Qc7 12. Bg5 Bxg5 13. Nxg5 Nge7 14. Nce4 Ne5 15. Nd6+ Kf8 16. Qxe5 Rg8 17. Nxh7# 1-0

[Event "*** Titled Tuesday Blitz"]
[Site "Chess.com"]
[Date "2018.06.05"]
[Round "5"]
[White "Shivagami"]
[Black "maziarbagheri"]
[Result "1-0"]
[WhiteElo "2058"]
[BlackElo "2230"]
[TimeControl "180+2"]
[EndTime "14:08:51 PDT"]
[Termination "Shivagami won by resignation"]

1. d4 Nf6 2. Bf4 d5 3. e3 Bf5 4.
c4 e6 5. Nc3 c6 6. Qb3 Qb6 7. c5 Qxb3 8. axb3 Nbd7 9. b4 Nh5 10.
Bc7 Rc8 11. Be5 a6 12. h3 Bg6 13. Nf3 Nhf6 14. Bh2 Ne4 15. Be2 f6 16. Nxe4 Bxe4 17. O-O h5 18. Nd2 Bh7 19. Nb3 Bc2 20. Na5 b5 21. cxb6 Nxb6 22. Bxa6 1-0

[Event "*** Titled Tuesday Blitz"]
[Site "Chess.com"]
[Date "2018.06.05"]
[Round "5"]
[White "Colombiano07"]
[Black "francogreek"]
[Result "1-0"]
[WhiteElo "2247"]
[BlackElo "2269"]
[TimeControl "180+2"]
[EndTime "14:08:52 PDT"]
[Termination "Colombiano07 won by resignation"]

1. e4 c5 2. Nc3 a6 3. g3 b5 4. Bg2 Bb7 5. d3 e6 6. a3 d5 7. Nh3 d4 8. Ne2 Nc6 9. O-O Nf6 10. Nhf4 Be7 11. c3 O-O 12. cxd4 cxd4 13. Bd2 Qb6 14. Rc1 Rfc8 15. Qb3 a5 16. Nxe6 a4 17.
Qa2 fxe6 18. Qxe6+ Kf8 19. e5 Ne8 20. Bd5 1-0

[Event "*** Titled Tuesday Blitz"]
[Site "Chess.com"]
[Date "2018.06.05"]
[Round "5"]
[White "hitaman"]
[Black "Kubas1010"]
[Result "1-0"]
[WhiteElo "2574"]
[BlackElo "2389"]
[TimeControl "180+2"]
[EndTime "14:08:54 PDT"]
[Termination "hitaman won by resignation"]

1. e4 e5 2. Nf3 Nc6 3. Bb5 a6 4.
Bxc6 dxc6 5. O-O Ne7 6. Nxe5 Qd4 7. Qh5 g6 8. Nf3 Qxe4 9. Qa5 Qf4 10. d3 Qd6 11. Qc3 Rg8 12. Re1 Bg7 13. d4 h6 14.
Nbd2 Bf5 15. Nc4 Qf6 16. Bf4 Be6 17. Be5 Qf5 18. Bxc7 Nd5 19. Nd6+ Kd7 20. Nxf5 Nxc3 21. Nxg7 Rxg7 22. Be5 f6 23. Bxf6 1-0

[Event "*** Titled Tuesday Blitz"]
[Site "Chess.com"]
[Date "2018.06.05"]
[Round "5"]
[White "AlexTruskavetsky"]
[Black "dawtonlms"]
[Result "1-0"]
[WhiteElo "2282"]
[BlackElo "2378"]
[TimeControl "180+2"]
[EndTime "14:09:10 PDT"]
[Termination "AlexTruskavetsky won by resignation"]

1. d4 Nf6 2. c4 e6 3. g3 d5 4. Nf3 Be7 5. Bg2 O-O 6. O-O c6 7. Nbd2 b6 8. Qc2 Bb7 9. e4 Na6 10. e5 Nd7 11. cxd5 Nb4 12. Qb3 Nxd5 13. Ne4 c5 14.
Nd6 Bxd6 15. exd6 cxd4 16. Nxd4 N7f6 17. Nb5 Ba6 18. Rd1 Bxb5 19. Qxb5 Qxd6 20. Bf4 Qc5 21. Qxc5 bxc5 22. Bd6 Rfc8 23. Rac1 c4 24. Rd4 Rc6 25. Be5 Rb8 26. Bxb8 1-0

[Event "*** Titled Tuesday Blitz"]
[Site "Chess.com"]
[Date "2018.06.05"]
[Round "5"]
[White "HarutyunianTigranK"]
[Black "carlesdc96"]
[Result "0-1"]
[WhiteElo "2713"]
[BlackElo "2572"]
[TimeControl "180+2"]
[EndTime "14:09:30 PDT"]
[Termination "carlesdc96 won by resignation"]

1. c4 e6 2. Nf3 Nf6 3. g3 d5 4.
Bg2 dxc4 5. Na3 c5 6. Nxc4 Nc6 7.
O-O Be7 8. b3 O-O 9. Bb2 Qc7 10.
Rc1 Bd7 11. d4 Rfd8 12. dxc5 Bxc5 13. Qc2 Rac8 14. Ng5 Nd4 15. Bxd4 Bxd4 16. e3 Bc5 17. Nd2 h6 18. Nge4 Nxe4 19. Nxe4 Bb6 20. Qxc7 Rxc7 21. Nd6 Bc6 22. Nxb7 Bxb7 23. Rxc7 Bxg2 24. Rfc1 Bxc7 25. Rxc7 Bf3 0-1

[Event "*** Titled Tuesday Blitz"]
[Site "Chess.com"]
[Date "2018.06.05"]
[Round "5"]
[White "bascheyaro"]
[Black "BasilSmash"]
[Result "1-0"]
[WhiteElo "2666"]
[BlackElo "2407"]
[TimeControl "180+2"]
[EndTime "14:09:43 PDT"]
[Termination "bascheyaro won by resignation"]

1. d4 d5 2. Nf3 Nf6 3. Bf4 c5 4. e3 Nc6 5. Be2 e6 6. O-O Bd6 7.
dxc5 Bxc5 8. c4 O-O 9. Nc3 dxc4 10. Bxc4 a6 11. a4 Qe7 12. Qe2 Rd8 13. Rfd1 Bd7 14. h3 Be8 15. Bg5 h6 16. Bh4 Rxd1+ 17. Rxd1 Rd8 18. Ne4 Rxd1+ 19. Qxd1 Bb6 20. Nxf6+ gxf6 21. Nd2 Ne5 22. Ne4 Nxc4 23. Qg4+ 1-0

[Event "*** Titled Tuesday Blitz"]
[Site "Chess.com"]
[Date "2018.06.05"]
[Round "5"]
[White "Velis23"]
[Black "Raja3401"]
[Result "0-1"]
[WhiteElo "2251"]
[BlackElo "2401"]
[TimeControl "180+2"]
[EndTime "14:09:45 PDT"]
[Termination "Raja3401 won by resignation"]

1. Nf3 c5 2. c3 Nf6 3. d4 cxd4 4. cxd4 d5 5. Nc3 Nc6 6. Bf4 Bf5 7. e3 e6 8. Qb3 Bb4 9. Bb5 O-O 10. Bxc6 Bxc3+ 11. Qxc3 Rc8 12. Qa3 Rxc6 13. Qxa7 Ra6 14. Qc5 Ne4 15. Qc1 Qa5+ 16. Kf1 Rc6 17. Qe1 Qb5+ 18.
Kg1 Qxb2 19. Ne5 Rc2 20. Nd3 Qa3 21. Qd1 Rd2 22. Qc1 Qxd3 0-1

[Event "*** Titled Tuesday Blitz"]
[Site "Chess.com"]
[Date "2018.06.05"]
[Round "5"]
[White "talento10"]
[Black "GMCanty"]
[Result "1-0"]
[WhiteElo "2175"]
[BlackElo "2195"]
[TimeControl "180+2"]
[EndTime "14:09:47 PDT"]
[Termination "talento10 won by resignation"]

1. e4 c5 2. Nf3 g6 3. d4 cxd4 4. Nxd4 Nc6 5. Nc3 Bg7 6. Be3 Nf6 7. Nxc6 bxc6 8. e5 Ng8 9. f4 Nh6 10. Qd2 O-O 11. O-O-O d6 12. Bc4 d5 13. h3 Be6 14.
Bb3 f6 15. g4 fxe5 16. f5 gxf5 17. Bxh6 f4 18. Bxg7 Kxg7 19. Qe1 Qc7 20. Ne4 dxe4 21. Bxe6 e3 22. Rd7 Qb6 23. Qh4 1-0

[Event "*** Titled Tuesday Blitz"]
[Site "Chess.com"]
[Date "2018.06.05"]
[Round "5"]
[White "Jbd735"]
[Black "Aygehovit1992"]
[Result "0-1"]
[WhiteElo "2380"]
[BlackElo "2516"]
[TimeControl "180+2"]
[EndTime "14:09:55 PDT"]
[Termination "Aygehovit1992 won by resignation"]

1. d4 Nf6 2. Nf3 g6 3. Bf4 Bg7 4. e3 O-O 5. h3 b6 6. Bd3 Bb7 7. Nbd2 d6 8. Bh2 Nbd7 9. O-O Qe8 10. e4 e5 11. c3 exd4 12. cxd4 Nxe4 13. Re1 f5 14. Ng5 d5 15. f3 Bxd4+ 16. Kf1 Ndc5 17. Nb3 Nxb3 18. axb3 c5 19. fxe4 fxe4+ 20. Nf3 Qf7 21. Be2 a5 22. Bg1 exf3 23. Bxf3 Ba6+ 24. Re2 Rae8 0-1

[Event "*** Titled Tuesday Blitz"]
[Site "Chess.com"]
[Date "2018.06.05"]
[Round "5"]
[White "nubair1198"]
[Black "Sanan_Sjugirov"]
[Result "0-1"]
[WhiteElo "2538"]
[BlackElo "2711"]
[TimeControl "180+2"]
[EndTime "14:10:05 PDT"]
[Termination "Sanan_Sjugirov won by resignation"]

1. d4 d6 2. c4 g6 3. Nc3 Bg7 4. e4 e5 5. d5 a5 6. h4 h5 7. Be2 Na6 8. Nf3 Bh6 9. Ng5 Qe7 10. g4 hxg4 11. Bxg4 Bxg4 12. Qxg4 Nf6 13. Qg2 Nb4 14. f3 Nh5 15. Ne2 Nc2+ 16. Kf2 Nxa1 17. Ne6 fxe6 18.
Qxg6+ Qf7 19. Qg4 Nf6 20. Qh3 Nxe4+ 0-1